 Dungeon Crawl Stone Soup version 0.30-a0-928-g7f6bbad527 (webtiles) character file.

Game seed: 11109976649018364219

178821 Conn the Eclecticist (level 18, -6/102 HPs)
             Began as an Octopode Fire Elementalist on Mar 23, 2023.
             Was a High Priest of Sif Muna.
             Mangled by a black mamba (16 damage)
             ... on level 4 of the Snake Pit.
             The game lasted 02:23:43 (30428 turns).

Conn the Eclecticist (Octopode Fire Elementalist)  Turns: 30428, Time: 02:23:44

Health: -6/102     AC:  6    Str:  8    XL:     18   Next: 21%
Magic:  44/56      EV: 25    Int: 33    God:    Sif Muna [*****.]
Gold:   784        SH: 20    Dex: 19    Spells: 4/48 levels left

rFire   + + .      SeeInvis .    R - staff of fire
rCold   . . .      Faith    .    z - +3 kite shield {rF+}
rNeg    + + .      Spirit   .    G - +3 hat of Pondering {ponderous, Will+ MP+10 Int+5}
rPois   +          Reflect  +    n - amulet of reflection
rElec   .          Rampage  .    D - ring of Cacsous {Drain *Slow Will+ EV+5 Dex+6}
rCorr   +                        Q - ring of magical power
Will    +++..                    y - ring of fire
Stlth   +++++                    T - ring of Surprise {Ice rN+ Int+4}
HPRegen 0.37/turn                W - ring of resist corrosion
MPRegen 0.35/turn                J - ring of positive energy
                                 t - +5 ring of evasion
                                 x - ring of poison resistance

@: slow
A: almost no armour, amphibious, 8 rings, camouflage 1, gelatinous body 1,
(nimble swimmer 1), tentacles, tentacle spike 1, iridescent scales 1, screaming
1
a: Renounce Religion, Channel Magic, Forget Spell, Divine Exegesis


You were on level 4 of the Snake Pit.
You worshipped Sif Muna.
Sif Muna was extremely pleased with you.
You visited 6 branches of the dungeon, and saw 28 of its levels.
You also visited: Bailey, Ice Cave and Volcano.

You collected 2723 gold pieces.
You spent 1939 gold pieces at shops.

Inventory:

Hand Weapons
 a - a +4 short sword of protection
 Z - the +5 spear "Acanaed" {drain, Contam rC+++ Str+5 Dex+3}
   (You took it off a spriggan rider on level 4 of the Lair of Beasts)

   Str:       It affects your strength (+5).
   Dex:       It affects your dexterity (+3).
   rC:        It renders you almost immune to cold.
   Contam:    It causes magical contamination when unequipped.
Missiles
 k - 2 throwing nets
Armour
 z - a +3 kite shield of fire resistance (worn)
 B - the +2 hat of the Bear Spirit {Spirit, Bear, *Rage Will++}
   (You acquired it in a bailey)

   Bear:      Going berserk makes the wearer tougher, and they're slowed less
   afterward.
   *Rage:     It berserks you when you make melee attacks (+20% chance).
   Will:      It greatly increases your willpower.
 G - the +3 hat of Pondering (worn) {ponderous, Will+ MP+10 Int+5}
   (You took it off Gastronok on level 1 of the Orcish Mines)

   Int:       It affects your intelligence (+5).
   MP:        It affects your magic capacity (+10).
   Will:      It increases your willpower.
Magical Staves
 b - a staff of conjuration
 R - a staff of fire (weapon)
Jewellery
 g - an amulet of magic regeneration
 n - an amulet of reflection (around mantle)
 t - a +5 ring of evasion (on tentacle)
 x - a ring of poison resistance (on tentacle)
 y - a ring of fire (on tentacle)
 D - the ring of Cacsous (left tentacle) {Drain *Slow Will+ EV+5 Dex+6}
   (You bought it in a shop on level 9 of the Dungeon)

   [ring of evasion]

   EV:        It affects your evasion (+5).
   Dex:       It affects your dexterity (+6).
   Drain:     It drains your maximum health when unequipped.
   *Slow:     It may slow you when you take damage.
   Will:      It increases your willpower.
 J - a ring of positive energy (on tentacle)
 Q - a ring of magical power (right tentacle)
 T - the ring of Surprise (on tentacle) {Ice rN+ Int+4}
   (You found it in an ice cave)

   [ring of ice]

   It enhances your ice magic.
   Int:       It affects your intelligence (+4).
   rF:        It makes you vulnerable to fire.
   rC:        It protects you from cold.
   rN:        It protects you from negative energy.
 W - a ring of resist corrosion (on tentacle)
 X - a ring of fire
 Y - a ring of fire
Wands
 p - a wand of digging (21)
 r - a wand of flame (43)
 s - a wand of iceblast (7)
 u - a wand of mindburst (21)
 A - a wand of polymorph (7)
 H - a wand of light (2)
 U - a wand of charming (3)
Scrolls
 e - 4 scrolls of identify
 h - 4 scrolls of poison
 i - 3 scrolls of fear
 o - 9 scrolls of teleportation
 v - 4 scrolls of immolation
 I - a scroll of fog
 N - a scroll of brand weapon
 O - 2 scrolls of amnesia
 P - a scroll of enchant weapon
 S - a scroll of torment
Potions
 c - 2 potions of lignification
 d - 5 potions of brilliance
 f - 3 potions of haste
 j - 2 potions of mutation
 l - 7 potions of cancellation
 m - 10 potions of curing
 q - 3 potions of invisibility
 w - a potion of resistance
 E - 4 potions of magic
 F - 4 potions of flight
 K - 3 potions of berserk rage
 L - 2 potions of attraction
 M - 4 potions of might
 V - 2 potions of heal wounds
Miscellaneous
 C - a phial of floods


   Skills:
 + Level 2.9 Fighting
 + Level 3.1 Short Blades
 + Level 0.5(1.0) Polearms
 + Level 1.2(1.3) Staves
 + Level 5.4 Dodging
 - Level 7.1 Stealth
 * Level 8.4 Shields
 + Level 15.9 Spellcasting
 * Level 9.9 Conjurations
 + Level 5.2 Hexes
 + Level 11.2 Summonings
 + Level 5.5 Translocations
 - Level 3.0 Transmutations
 + Level 15.6 Fire Magic
 + Level 1.0 Ice Magic
 + Level 3.5 Air Magic
 + Level 9.4 Invocations
 + Level 0.6 Evocations


You had 4 spell levels left.
You knew the following spells:

 Your Spells              Type           Power      Damage    Failure   Level
a - Foxfire               Conj/Fire      100%       2x1d9     1%          1
b - Vhi's Electric Charg  Tloc/Air       100%       N/A       1%          3
c - Inner Flame           Hex/Fire       100%       N/A       1%          3
d - Flame Wave            Conj/Fire      100%       2d21      1%          4
e - Scorch                Fire           100%       2d10      0%          2
f - Blink                 Tloc           100%       N/A       1%          2
g - Arcjolt               Conj/Air       31%        1d41      7%          5
h - Summon Forest         Summ/Tloc      34%        N/A       3%          5
i - Summon Cactus Giant   Summ           39%        N/A       6%          6
j - Fireball              Conj/Fire      64%        3d24      1%          5
k - Ozocubu's Armour      Ice            49%        N/A       8%          3
l - Irradiate             Conj/Tmut      31%        3d22      8%          5

Your spell library contained the following spells:

 Spells                   Type           Power      Damage    Failure   Level
 Kiss of Death            Conj/Necr      100%       2d13      1%          1
 Sting                    Tmut/Pois      100%       1d8       1%          1
 Ensorcelled Hibernation  Hex/Ice        100%       N/A       1%          2
 Lesser Beckoning         Tloc           100%       N/A       1%          2
 Momentum Strike          Conj/Tloc      100%       3d10      1%          2
 Confusing Touch          Hex            57%        N/A       1%          3
 Dazzling Flash           Conj/Hex       100%       N/A       1%          3
 Gell's Gravitas          Tloc           58%        N/A       1%          3
 Kindle Blastsparks       Fire/Tloc/Air  100%       2d18      1%          3
 Portal Projectile        Hex/Tloc       100%       N/A       1%          3
 Stone Arrow              Conj/Erth      100%       3d13      1%          3
 Summon Guardian Golem    Hex/Summ       69%        N/A       1%          3
 Teleport Other           Tloc           58%        N/A       1%          3
 Fulminant Prism          Conj/Hex       33%        3d15      1%          4
 Sticky Flame             Conj/Fire      100%       2d11      1%          4
 Poisonous Vapours        Pois/Air       74%        N/A       2%          2
 Necrotise                Necr           100%       1d9       3%          1
 Sandblast                Erth           52%        2d12      3%          1
 Passwall                 Tmut/Erth      30%        N/A       3%          2
 Manifold Assault         Tloc           58%        N/A       3%          4
 Passage of Golubria      Tloc           58%        N/A       3%          4
 Spider Form              Tmut/Pois      36%        N/A       6%          3
 Vampiric Draining        Necr           26%        2d7       12%         3
 Anguish                  Hex/Necr       21%        N/A       13%         4
 Dispel Undead            Necr           26%        3d13      36%         4
 Olgreb's Toxic Radiance  Pois           26%        N/A       36%         4
 Plasma Beam              Fire/Air       58%        2x1d80    1%          5
 Summon Mana Viper        Hex/Summ       69%        N/A       3%          5
 Freezing Cloud           Conj/Ice/Air   36%        6-21      14%         5
 Yara's Violent Unravell  Hex/Tmut       26%        3d11      19%         5
 Blade Hands              Tmut           23%        N/A       30%         5
 Conjure Ball Lightning   Conj/Air       31%        3x3d10    36%         6
 Ignition                 Fire           69%        3d18      38%         8
 Orb of Destruction       Conj           37%        9d11      47%         7
 Iron Shot                Conj/Erth      28%        9d6       58%         6
 Agony                    Necr           26%        N/A       71%         5
 Malign Gateway           Summ/Tloc      34%        N/A       71%         7
 Haunt                    Necr/Summ      29%        N/A       97%         7
 Enfeeble                 Hex            28%        N/A       98%         7
 Ozocubu's Refrigeration  Ice            24%        4d12      100%        7
 Discord                  Hex            28%        N/A       100%        8
 Disjunction              Tloc           29%        N/A       100%        8
 Maxwell's Capacitive Co  Air            24%        ∞         100%        8
 Dragon's Call            Summ           39%        N/A       100%        9
 Fire Storm               Conj/Fire      64%        8d16      100%        9
 Animate Armour           Summ/Erth      Unusable   N/A       N/A         4

Dungeon Overview and Level Annotations

Branches:
Dungeon (15/15)            Temple (1/1) D:4            Lair (5/5) D:8
 Shoals (0/4) Lair:3        Snake (4/4) Lair:3        Slime (1/5) Lair:5
    Orc (2/2) D:10            Elf (0/3) Orc:2        Vaults (0/5) D:13
 Depths (0/4) D:15         Bailey (visited)           IceCv (visited)
Volcano (visited)

Altars:
Ashenzari
Cheibriados
Dithmenos
Elyvilon
Fedhas
Gozag
Hepliaklqana
Kikubaaqudgha
Makhleb
Nemelex Xobeh
Okawaru
Qazlal
Ru
Sif Muna
Trog
Uskayaw
Vehumet
Wu Jian
Xom
Yredelemnul
Zin
The Shining One

Shops:
D:9 =   Orc:2 =([:

Annotations:
D:9 1 runed translucent door


Innate Abilities, Weirdness & Mutations

You cannot wear most types of armour.
You are amphibious.
You can wear up to eight rings at the same time.
Your skin changes colour to match your surroundings (Stealth+).
Your rubbery body absorbs attacks. (AC +1, EV +1)
((You are camouflaged when in or above water. (Stealth+)))
You have tentacles for arms and can constrict up to eight enemies at once.
One of your tentacles bears a spike.
You are partially covered in iridescent scales. (AC +2)
You occasionally shout uncontrollably at your foes.


Message History

The shock serpent is engulfed in blazing flames.
Flame seeps out of the shock serpent.
The foxfire hits the shock serpent!
Flame seeps out of the shock serpent.
The shock serpent is heavily wounded.
Casting: Inner Flame (safe; 1% risk of failure)
Confirm with . or Enter, or press ? or * to list all spells.
You feel a strong surge of power!
Flames lash the shock serpent.
Flame seeps out of the shock serpent.
The shock serpent is severely wounded.
The shock serpent's fire resistance burns away.
The shock serpent's electric aura discharges, shocking you!
The shock serpent is engulfed in blazing flames.
Flame seeps out of the shock serpent.
The shock serpent shoots out a bolt of lightning at you!
The bolt of electricity hits you!! x2
The shock serpent's electric aura discharges, shocking you!
The shock serpent is engulfed in blazing flames.
Flame seeps out of the shock serpent.
The shock serpent's electric aura discharges, shocking you!
Casting: Scorch (safe; 0% risk of failure)
Confirm with . or Enter, or press ? or * to list all spells.
You blink.
The black mamba is engulfed in blazing flames.
The shock serpent shoots out a bolt of lightning at you!
The bolt of electricity hits you!!
* * * LOW HITPOINT WARNING * * *
Casting: Blink (safe; 1% risk of failure)
Confirm with . or Enter, or press ? or * to list all spells.
Aiming: Fireball (mildly dangerous; 1% risk of failure)
Press: ? - help, Shift-Dir - straight line, p - shock serpent You feel a strong surge of power!
The fireball explodes!
The fireball engulfs the black mamba!!
The black mamba is almost dead.
The fireball engulfs the shock serpent!!!!
The shock serpent is burned terribly!
Sif Muna accepts your kill.
The shock serpent explodes!
You hear an angry hiss.
You hear a shout!
You hear an angry hiss.
The black mamba bites you!
You die...

..## ...#
####...#
......#
#.....##
#......#
#.....#
#@S...##
##.....#
#..§..#
#§.§.#
##§§§.#
#...§##
#...## ...
#..###....
##...#....#


You could see a black mamba.

Vanquished Creatures
  Gastronok (Orc:1)
  An acid blob (Slime:1)
  Kirke (Lair:5)
  2 nagarajas (Snake:2)
  An azure jelly (Slime:1)
  A rockslime (Slime:1)
  3 orc warlords
  A quicksilver ooze (Slime:1)
  2 very ugly things (IceCv)
  An entropy weaver (shapeshifter) (D:15)
  An ice dragon (D:15)
  8 vault guards (D:13)
  3 centaur warriors
  7 hydras
  4 anacondas
  8 boulder beetles
  Erica (Lair:2)
  3 catoblepae
  7 two-headed ogres
  7 naga warriors
  An orc high priest (Orc:2)
  Urug (Orc:1)
  11 death yaks
  4 naga sharpshooters
  Nergalle (Lair:2)
  2 shock serpents
  Amaemon (Lair:2)
  3 sea snakes (Snake:2)
  3 naga ritualists
  An orange crystal statue (IceCv)
  An orc knight (Orc:1)
  2 deep elf pyromancers (D:15)
  7 mana vipers
  4 orc sorcerers
  5 salamanders
  A cyclops (D:12)
  3 manticores
  5 elephants (Lair:5)
  10 naga magi
  22 black mambas
  16 cane toads
  A guardian serpent (Snake:3)
  A gargoyle (D:13)
  An unseen horror (D:12)
  2 rime drakes
  A komodo dragon (shapeshifter) (D:14)
  9 komodo dragons
  2 freezing wraiths (IceCv)
  A golden dragon simulacrum (IceCv)
  2 kobold demonologists (D:12)
  3 polar bears
  3 hornets
  4 trolls
  Grinder (D:3)
  6 dream sheep (Lair:4)
  23 blink frogs
  Prince Ribbit (D:8)
  2 slime creatures (Slime:1)
  A vampire (D:12)
  2 shadows
  8 wyverns
  A wraith (D:10)
  A spriggan (Lair:4)
  3 dire elephant simulacra (IceCv)
  5 fire bats (Volcano)
  2 nameless horrors (D:15)
  5 basilisks
  A basilisk (shapeshifter) (D:14)
  4 steam dragons
  38 yaks
  4 golden eyes (Slime:1)
  7 hogs (Lair:5)
  13 vampire mosquitoes
  24 nagas
  A harpy simulacrum (IceCv)
  13 water moccasins
  3 hydra simulacra (IceCv)
  An acid dragon (D:11)
  5 ice beasts
  23 orc warriors
  2 alligator simulacra (IceCv)
  A sky beast (D:7)
  4 black bears
  6 ogres
  An ettin simulacrum (IceCv)
  A boggart (Lair:4)
  9 centaurs
  49 wolves
  A kobold brigand (D:12)
  Blork the orc (D:4)
  7 bullfrogs
  3 scorpions
  A gnoll sergeant (D:9)
  11 wights
  3 lindwurm simulacra (IceCv)
  3 howler monkeys
  4 electric eels
  A gnoll bouda (D:9)
  20 orc priests
  3 jellies
  2 sleepcaps
  Jessica (D:2)
  2 iguanas (D:5)
  19 orc wizards
  Natasha (thrice) (D:2)
  15 gnolls
  5 adders
  2 shadow imps
  2 ufetubi
  3 worms
  A dart slug (D:1)
  78 orcs
  7 ball pythons
  5 endoplasms
  3 giant cockroaches
  14 goblins
  8 hobgoblins
  6 jackals (D:1)
  22 kobolds
  5 quokkas
  A bat (D:3)
  4 rats
  A bush (Lair:5)
  2 snaplasher vines
737 creatures vanquished.

Vanquished Creatures (collateral kills)
  A rockslime (Slime:1)
  The ghost of MacCMillion the Severer, a journeyman MiFi of Okawaru (Lair:4)
  A dire elephant (Lair:5)
  A fire dragon (Volcano)
  A salamander tyrant (Snake:2)
  An ice dragon (D:15)
  A hydra (D:15)
  An ogre mage (D:15)
  An anaconda (Snake:2)
  6 two-headed ogres
  2 boulder beetles
  A deep troll shaman (Lair:5)
  A tengu warrior (D:15)
  A centaur warrior (D:13)
  2 death yaks
  2 naga warriors (Snake:2)
  2 salamander mystics (Snake:2)
  A naga ritualist (Snake:2)
  2 mana vipers
  An orange crystal statue (IceCv)
  A shining eye (Slime:1)
  10 salamanders
  A cyclops (D:14)
  3 black mambas
  A guardian serpent (Snake:2)
  An orange demon (Lair:2)
  An eye of devastation (Slime:1)
  An efreet (D:14)
  A komodo dragon (Volcano)
  2 tengu conjurers (D:15)
  A slime creature (Slime:1)
  A spriggan (Lair:4)
  3 golden eyes (Slime:1)
  2 fire bats (Volcano)
  An acid dragon (D:14)
  A harpy simulacrum (IceCv)
  A warg (Orc:2)
  3 nagas
  2 nameless horrors
  2 alligator simulacra (IceCv)
  3 orc warriors (Orc:2)
  An ettin simulacrum (IceCv)
  3 ogres
  4 orc wizards
  8 orcs
  13 foxfires
101 creatures vanquished.

Vanquished Creatures (others)
  1537 foxfires
  17 fungi
  127 plants
  13 snaplasher vines
1694 creatures vanquished.

Grand Total: 2532 creatures vanquished

Notes
Turn   | Place    | Note
-------+----------+-------------------------------------------
     0 | D:1      | Conn the Octopode Fire Elementalist began the quest for the
                  | Orb.
     0 | D:1      | Reached XP level 1. HP: 11/11 MP: 3/3
   152 | D:1      | Reached XP level 2. HP: 17/17 MP: 1/5
   624 | D:1      | Reached XP level 3. HP: 21/21 MP: 3/6
   926 | D:2      | Noticed Jessica
   934 | D:2      | Killed Jessica
   935 | D:2      | Reached XP level 4. HP: 24/27 MP: 8/8
   942 | D:2      | Learned a level 2 spell: Scorch
  1311 | D:2      | Reached XP level 5. HP: 24/31 MP: 5/10
  1355 | D:2      | Noticed Natasha
  1359 | D:2      | Killed Natasha
  1434 | D:2      | Noticed Natasha
  1439 | D:2      | Killed Natasha
  1568 | D:2      | Noticed Natasha
  1578 | D:2      | Killed Natasha
  1891 | D:3      | Reached XP level 6. HP: 18/37 MP: 11/11
  2052 | D:3      | Reached skill level 1 in Short Blades
  2167 | D:3      | Identified the +1 scale mail "Maogarr" {rElec Will+}
  2170 | D:3      | Noticed Grinder
  2172 | D:3      | Paralysed by Grinder for 3 turns
  2182 | D:3      | Killed Grinder
  2183 | D:3      | Reached skill level 1 in Fighting
  2183 | D:3      | Reached XP level 7. HP: 33/43 MP: 5/13
  2918 | D:4      | Found a staircase to the Ecumenical Temple.
  2929 | Temple   | Entered the Ecumenical Temple
  3001 | Temple   | Became a worshipper of Sif Muna the Loreminder
  3197 | D:5      | Entered Level 5 of the Dungeon
  3384 | D:5      | Reached skill level 5 in Fire Magic
  3507 | D:5      | Identified the +1 short sword "Sumahai" {antimagic, SInv}
  3571 | D:5      | Reached XP level 8. HP: 45/48 MP: 15/15
  3698 | D:4      | Noticed Blork the orc
  3704 | D:4      | Killed Blork the orc
  3705 | D:4      | Reached skill level 5 in Stealth
  3705 | D:4      | Reached skill level 5 in Spellcasting
  3817 | D:4      | Reached * piety under Sif Muna
  4122 | D:4      | Gained mutation: One of your tentacles bears a spike.
                  | [potion of mutation]
  4122 | D:4      | Gained mutation: You are partially covered in iridescent
                  | scales. (AC +2) [potion of mutation]
  5250 | D:6      | Learned a level 3 spell: Inner Flame
  5255 | D:6      | Learned a level 4 spell: Flame Wave
  5399 | D:7      | Reached XP level 9. HP: 45/53 MP: 12/18
  6107 | D:8      | Noticed a polar bear
  6109 | D:8      | Noticed a rime drake
  6253 | D:7      | Learned a level 3 spell: Vhi's Electric Charge
  6299 | D:8      | Killed a polar bear
  6304 | D:8      | Reached skill level 1 in Translocations
  6363 | D:8      | Reached skill level 1 in Air Magic
  6378 | D:8      | Found a staircase to the Lair.
  6420 | D:8      | Noticed Prince Ribbit
  6426 | D:8      | Killed Prince Ribbit
  6426 | D:8      | Reached ** piety under Sif Muna
  6429 | D:8      | Found a flagged portal.
  6438 | Bailey   | Entered a bailey
  6521 | Bailey   | Noticed an orc warlord
  6584 | Bailey   | Reached XP level 10. HP: 36/60 MP: 3/20
  6690 | Bailey   | Found a runed translucent gate.
  6692 | Bailey   | Found a runed translucent gate.
  6694 | Bailey   | Found a runed translucent gate.
  6949 | Bailey   | Killed an orc warlord
  6950 | Bailey   | Reached skill level 1 in Hexes
  7009 | Bailey   | Acquired the +2 hat of the Bear Spirit {Spirit, Bear, *Rage
                  | Will++}
  7009 | Bailey   | Found the +2 hat of the Bear Spirit {Spirit, Bear, *Rage
                  | Will++}
  7574 | D:8      | Learned a level 2 spell: Blink
  7580 | D:8      | Learned a level 5 spell: Arcjolt
  7750 | D:9      | Found Xeocriqe's Jewellery Shop.
  7756 | D:9      | Bought the ring of Cacsous {Drain *Slow Will+ EV+5 Dex+6}
                  | for 650 gold pieces
  7764 | D:9      | Noticed a two-headed ogre
  7773 | D:9      | Killed a two-headed ogre
  7913 | D:9      | Reached *** piety under Sif Muna
  7913 | D:9      | Noticed a two-headed ogre
  7918 | D:9      | Killed a two-headed ogre
  7919 | D:9      | Reached XP level 11. HP: 64/64 MP: 2/24
  7998 | D:9      | Noticed a two-headed ogre
  8005 | D:9      | Killed a two-headed ogre
  8006 | D:9      | Reached skill level 5 in Conjurations
  8322 | D:9      | Found a runed translucent door.
  8322 | D:9      | Noticed a sixfirhy
  8448 | D:10     | Entered Level 10 of the Dungeon
  8458 | D:10     | Reached skill level 10 in Fire Magic
  8474 | D:10     | Reached skill level 1 in Invocations
  8611 | D:10     | Found a staircase to the Orcish Mines.
  8632 | D:10     | Found an iron altar of Okawaru.
  8635 | D:10     | Found a stormy altar of Qazlal.
  8635 | D:10     | Noticed a two-headed ogre
  8642 | D:10     | Killed a two-headed ogre
  8674 | D:10     | Reached skill level 10 in Spellcasting
  9242 | D:10     | Identified the +5 dagger "Peviys" {heavy, Contam rN+
                  | Stlth+}
  9948 | D:11     | Found an ornate altar of the Wu Jian Council.
 10040 | D:11     | Noticed a two-headed ogre
 10054 | D:11     | Killed a two-headed ogre
 10055 | D:11     | Reached XP level 12. HP: 57/70 MP: 20/26
 10269 | D:11     | Identified the +1 sling of Evil {flame, Dex+4}
 10481 | D:12     | Learned a level 5 spell: Summon Forest
 10487 | D:12     | Reached **** piety under Sif Muna
 10590 | D:12     | Noticed a fire dragon
 10631 | D:12     | Identified the +1 leather armour "Ulophu" {rC+ Int+4
                  | Slay+2}
 10697 | D:12     | Reached skill level 1 in Summonings
 10741 | D:12     | Noticed a sun demon
 11095 | D:12     | Reached XP level 13. HP: 39/74 MP: 15/27
 11210 | D:13     | Learned a level 6 spell: Summon Cactus Giant
 11210 | D:13     | Reached XP level 14. HP: 81/81 MP: 28/28
 12091 | D:13     | Found a gate to the Vaults.
 12522 | D:13     | Reached skill level 10 in Summonings
 13438 | D:14     | HP: 4/81 [efreet/fireball (30)]
 13756 | D:14     | Reached XP level 15. HP: 75/85 MP: 24/30
 14220 | D:15     | Entered Level 15 of the Dungeon
 15150 | D:15     | Found a staircase to the Depths.
 15552 | D:15     | Found a blossoming altar of Fedhas.
 15631 | D:15     | Found a shimmering blue altar of Sif Muna.
 15867 | Orc:1    | Entered Level 1 of the Orcish Mines
 15884 | Orc:1    | Noticed Urug
 15890 | Orc:1    | Killed Urug
 16080 | Orc:1    | Noticed Gastronok
 16096 | Orc:1    | Killed Gastronok
 16096 | Orc:1    | Reached ***** piety under Sif Muna
 16097 | Orc:1    | Reached skill level 1 in Shields
 16195 | Orc:1    | Found a burning altar of Makhleb.
 16553 | Orc:2    | Entered Level 2 of the Orcish Mines
 16558 | Orc:2    | Found a staircase to the Elven Halls.
 16579 | Orc:2    | Received a gift from Sif Muna
 16580 | Orc:2    | Got Sif Muna's Octavo of the Jaunt {god gift}
 16607 | Orc:2    | Found a dark tunnel.
 16617 | Volcano  | Entered a volcano
 17352 | Orc:2    | Reached skill level 1 in Staves
 17358 | Orc:2    | Noticed an orc warlord
 17379 | Orc:2    | Killed an orc warlord
 17862 | Orc:2    | Noticed an orc warlord
 17869 | Orc:2    | Killed an orc warlord
 17953 | Orc:2    | Found Qopnipt's Antique Weapon Shop.
 17956 | Orc:2    | Found Utui's Antique Armour Boutique.
 18199 | Orc:2    | Found Hiechum's Book Emporium.
 18222 | Orc:2    | Bought the Elucidation of Viperous Flames for 440 gold
                  | pieces
 18222 | Orc:2    | Bought Ozocubu's Autobiography for 264 gold pieces
 18230 | Orc:2    | Learned a level 5 spell: Fireball
 18234 | Orc:2    | Learned a level 3 spell: Ozocubu's Armour
 18574 | Orc:2    | Received a gift from Sif Muna
 18575 | Orc:2    | Got Sif Muna's Elucidation of Frostbound Unholy Rituals
                  | {god gift}
 18584 | Orc:2    | Found Qedailul's Jewellery Shoppe.
 18723 | Orc:2    | Bought a ring of fire for 325 gold pieces
 18916 | Lair:1   | Entered Level 1 of the Lair of Beasts
 19067 | Lair:1   | Identified the +4 sling "Carivodd" {heavy, Will+ Str+2}
 19516 | Lair:1   | Reached XP level 16. HP: 88/91 MP: 33/33
 20190 | Lair:2   | Noticed Erica
 20198 | Lair:2   | Killed Erica
 20220 | Lair:2   | Noticed Amaemon
 20232 | Lair:2   | Killed Amaemon
 20306 | Lair:2   | Noticed Nergalle
 20314 | Lair:2   | Killed Nergalle
 20909 | Lair:3   | Received a gift from Sif Muna
 21173 | Lair:3   | Found a staircase to the Snake Pit.
 21351 | Lair:3   | Found a staircase to the Shoals.
 22010 | Lair:4   | Found a runed translucent door.
 22013 | Lair:4   | Noticed MacCMillion's ghost (journeyman MiFi)
 22024 | Lair:4   | Identified the +5 spear "Acanaed" {drain, Contam rC+++
                  | Str+5 Dex+3}
 22036 | Lair:4   | Reached skill level 5 in Shields
 22891 | Lair:4   | Killed MacCMillion's ghost
 22892 | Lair:4   | Received a gift from Sif Muna
 22904 | Lair:4   | Got Sif Muna's Lectures on Ensorcelling and Injury {god
                  | gift}
 23043 | Lair:5   | Entered Level 5 of the Lair of Beasts
 23063 | Lair:5   | Noticed Kirke
 23071 | Lair:5   | Killed Kirke
 23423 | Lair:5   | Reached skill level 5 in Dodging
 23576 | Lair:5   | Found a staircase to the Slime Pits.
 24187 | Lair:5   | Reached XP level 17. HP: 92/97 MP: 35/35
 24474 | Lair:5   | Identified the +0 ring mail of the Zebra {+Inv rF- rCorr
                  | Slay-5}
 24483 | Lair:5   | Identified the +0 leather armour of Soft Rains {rPois rCorr
                  | Int+2}
 24828 | Slime:1  | Entered Level 1 of the Pits of Slime
 24833 | Slime:1  | Noticed an acid blob
 24840 | Slime:1  | Killed an acid blob
 24847 | Slime:1  | Received a gift from Sif Muna
 24848 | Slime:1  | Reached skill level 5 in Hexes
 24869 | Slime:1  | Reached skill level 15 in Spellcasting
 25205 | Slime:1  | Got Sif Muna's Lessons on the Vexing Sun {god gift}
 25347 | D:9      | Bought a ring of poison resistance for 260 gold pieces
 25445 | Snake:1  | Entered Level 1 of the Snake Pit
 25522 | Snake:1  | Reached skill level 5 in Translocations
 25683 | Snake:1  | Found a frozen archway.
 25692 | IceCv    | Entered an ice cave
 26331 | IceCv    | Learned a level 5 spell: Irradiate
 26642 | IceCv    | Reached skill level 15 in Fire Magic
 26654 | IceCv    | Reached skill level 1 in Transmutations
 26833 | IceCv    | Identified the ring of Surprise {Ice rN+ Int+4}
 27925 | Snake:1  | Gained mutation: You occasionally shout uncontrollably at
                  | your foes. [mutagenic glow]
 27942 | Snake:2  | Reached skill level 1 in Ice Magic
 27942 | Snake:2  | Received a gift from Sif Muna
 27947 | Snake:2  | Got Sif Muna's Vellum of Puissant Creation {god gift}
 28855 | Snake:2  | Reached XP level 18. HP: 87/102 MP: 37/37
 29738 | Snake:3  | Received a gift from Sif Muna
 29758 | Snake:3  | Got Sif Muna's Folio of the Unfortunate Volcano {god gift}
 30288 | Snake:4  | Entered Level 4 of the Snake Pit
 30428 | Snake:4  | Mangled by a black mamba

Illustrated notes

Levels and vault maps discovered:
D:1:      lemuel_arrival_lava_pool, layout_basic, minmay_pentomino_w2
D:2:      layout_basic, minmay_cut_off, uniq_jessica, uniq_natasha
D:3:      minmay_general_purpose_star, layout_loops_ring, kennysheep_orc_chapel,
          uniq_grinder
D:4:      layout_loops_ring, temple_statues, minmay_fountain_box,
          uniq_blork_the_orc
D:5:      layout_loops_cross
D:6:      layout_loops_corners, nicolae_fountain_basement
D:7:      layout_loops_ring, kennysheep_generic_room_6
D:8:      layout_loops_ring, hellmonk_lair_entry_icy, enter_bailey_3,
          uniq_prince_ribbit1
D:9:      cheibrodos_shockbox, layout_long_grid, serial_shops,
          nicolae_diamond_shop, kennysheep_cluttered_room
D:10:     layout_layer_cave, nicolae_overflow_hidden_temple, orc_0_dummy
D:11:     layout_cross, nicolae_wu_jian_glorious_leap
D:12:     layout_long_grid
D:13:     layout_loops_cross, erik_vaults_2, serial_co_window_serial,
          co_window_paths_b, co_window_corner_a, co_window_of_opportunity_a,
          co_window_corner_a, co_window_of_opportunity_a,
          co_window_unsneaky_path_a, co_window_corner_ca, co_window_paths_c,
          co_window_4corner_a, co_window_sun, glass_columns_a, glass_columns_b,
          glass_columns_b
D:14:     layout_roguey, serial_rivers, chequers_serial_rivers_small_a,
          chequers_serial_rivers_room_b, chequers_serial_rivers_micro_b,
          chequers_serial_rivers_small_3, chequers_serial_rivers_micro_a,
          chequers_serial_rivers_micro_d, palyth_stone_intersect
D:15:     grunt_enter_depths_hoard, layout_basic, lemuel_coloured_pillars_altar,
          fedhas_altar_fruit_tree
Temple:   nicolae_temple_bog_church
Lair:1:   cheibrodos_lair_river_kwai, layout_cave_pods
Lair:2:   layout_hall_layers, infiniplex_staircase_pool, uniq_erica,
          uniq_nergalle, uniq_amaemon
Lair:3:   layout_long_grid, minmay_shoals_entry_centaurs,
          guppyfry_snake_entry_island, st_stairs_9,
          grunt_forest_large_clearings, infiniplex_staircase_pool_2,
          serial_bayou_shore_b
Lair:4:   layout_loops_ring, ebering_ghost_funeral_grove, grunt_megastairs_5
Lair:5:   grunt_lair_end_beastmaster, layout_gridlike, dpeg_slime_entry_corner,
          grunt_megastairs_2, uniq_kirke
Snake:1:  layout_rooms, portal_ice_cave_entry_pillars_three
Snake:2:  layout_basic
Snake:3:  layout_cave_town
Snake:4:  grunt_snake_rune_spirals, layout_onion
Slime:1:  layout_caves, cheibrodos_slime_lost_civilization_6
Orc:1:    layout_caves, basic_altar, uniq_gastronok, uniq_urug
Orc:2:    grunt_orc_community_town_hall, layout_caves,
          grunt_orc_community_big_house_1, grunt_orc_community_big_house_1,
          grunt_orc_community_house_2, grunt_orc_community_house_3,
          grunt_orc_community_house_2, grunt_orc_community_house_3,
          grunt_orc_community_house_1, grunt_orc_community_house_3,
          nicolae_volcano_entry_hallway

Skill      XL: |  1  2  3  4  5  6  7  8  9 10 11 12 13 14 15 16 17 18 |
---------------+-------------------------------------------------------+-----
Stealth        | 3 4 6 7 |  7.1
Spellcasting   | 3 4 6 7 9 10 11 13 14 15 | 15.9
Fire Magic     | 4 5 6 8 9 10 11 12 13 14 15 | 15.6
Conjurations   | 2 3 4 5 7 8 9 |  9.9
Short Blades   | 2 3 |  3.1
Fighting       | 1 2 |  2.9
Dodging        | 3 4 5 |  5.4
Translocations | 2 3 4 5 |  5.5
Air Magic      | 2 3 |  3.5
Hexes          | 1 2 3 4 5 |  5.2
Invocations    | 4 6 8 9 |  9.4
Summonings     | 8 9 10 11 | 11.2
Shields        | 3 6 7 8 |  8.4
Staves         | 1 |  1.2
Transmutations | 3 |  3.0
Ice Magic      | 1 |  1.0
Polearms       | |  0.5
Evocations     | |  0.6

Action                     |  1- 3 |  4- 6 |  7- 9 | 10-12 | 13-15 | 16-18 || total
---------------------------+-------+-------+-------+-------+-------+-------++-------
  Melee: Dagger            |    16 |    44 |    62 |       |       |       ||   122
         Constrict         |     4 |    15 |    15 |     5 |    15 |    10 ||    64
         Tentacles         |     3 |    13 |    13 |    11 |    13 |    20 ||    73
         Punch             |     1 |     2 |       |       |     2 |     1 ||     6
         Kick              |       |       |    10 |    13 |    20 |    36 ||    79
         Short sword       |       |       |     7 |    25 |       |       ||    32
         Staff             |       |       |       |     3 |    41 |    36 ||    80
         Spear             |       |       |       |       |       |    19 ||    19
   Cast: Foxfire           |    41 |    35 |   104 |   140 |   274 |   302 ||   896
         Scorch            |       |    14 |    54 |    73 |   179 |   263 ||   583
         Flame Wave        |       |       |     7 |    11 |    32 |    66 ||   116
         Inner Flame       |       |       |     6 |    29 |    80 |    66 ||   181
         Blink             |       |       |       |     5 |    16 |    21 ||    42
         Vhi's Electric Ch |       |       |       |     1 |     2 |       ||     3
         Summon Cactus Gia |       |       |       |       |    20 |    23 ||    43
         Summon Forest     |       |       |       |       |    15 |    24 ||    39
         Arcjolt           |       |       |       |       |     2 |     2 ||     4
         Fireball          |       |       |       |       |       |    45 ||    45
         Ozocubu's Armour  |       |       |       |       |       |     9 ||     9
         Irradiate         |       |       |       |       |       |     1 ||     1
 Invoke: Channel Magic     |       |       |       |       |       |     6 ||     6
  Evoke: Wand              |       |       |       |     1 |     5 |     3 ||     9
         Phial of floods   |       |       |       |       |       |     1 ||     1
    Use: Scroll            |       |     5 |    11 |     9 |    11 |     7 ||    43
         Potion            |       |       |     3 |     1 |    12 |     3 ||    19
   Stab: Sleeping          |     1 |     2 |    11 |     3 |       |     3 ||    20
         Distracted        |       |       |       |       |       |     2 ||     2
 Armour: Skin              |     2 |     5 |    14 |    10 |    26 |    18 ||    75
  Dodge: Dodged            |    10 |    20 |    56 |    57 |   150 |   154 ||   447
  Block: Kite shield       |       |       |       |       |    42 |   246 ||   288
         Reflection        |       |       |       |       |       |    40 ||    40

Table legend: (Time is in decaauts)
 A = Elapsed time spent in this place.
 B = Non-inter-level travel time spent in this place.
 C = Inter-level travel time spent in this place.
 D = Time resting spent in this place.
 E = Time spent auto-exploring this place.
 F = Levels seen in this place.
 G = Mean time per level.
                   A        B        C        D        E       F      G
               +--------+--------+--------+--------+--------+-----+--------+
         Total |  31232 |  30191 |   1041 |   1661 |  19552 |  31 | 1007.5 |
       Dungeon |  15419 |  14824 |    595 |    658 |  10117 |  15 | 1027.9 |
        Temple |     92 |     72 |     20 |      0 |      0 |   1 |   92.0 |
          Lair |   6482 |   6217 |    265 |      0 |   4911 |   5 | 1296.4 |
     Snake Pit |   3988 |   3906 |     82 |    332 |   2344 |   4 |  997.0 |
    Slime Pits |    394 |    394 |      0 |      0 |    246 |   1 |  394.0 |
  Orcish Mines |   2323 |   2246 |     77 |      0 |   1382 |   2 | 1161.5 |
        Bailey |    683 |    683 |      0 |      0 |    162 |   1 |  683.0 |
      Ice Cave |   1208 |   1208 |      0 |    671 |    115 |   1 | 1208.0 |
       Volcano |    641 |    641 |      0 |      0 |    273 |   1 |  641.0 |
               +--------+--------+--------+--------+--------+-----+--------+

Top non-repeatable levels by time:
    D:13: 2022 daAuts
  Lair:5: 1915 daAuts
   Orc:2: 1778 daAuts
    D:10: 1709 daAuts
    D:15: 1553 daAuts
 Snake:1: 1376 daAuts
 Snake:2: 1261 daAuts
  Lair:3: 1254 daAuts
  Lair:1: 1250 daAuts
   IceCv: 1208 daAuts
 Snake:3: 1200 daAuts
     D:3: 1127 daAuts
  Lair:4: 1118 daAuts
     D:7: 964 daAuts
  Lair:2: 942 daAuts
